 Dungeon Crawl Stone Soup version 0.25-a0-803-g58bd18402a (webtiles) character file.

Game seed: 844975816753501601, levelgen mode: deterministic

18 Maedhros the Charlatan (level 2, -1/18 HPs)
             Began as an Octopode Artificer on Apr 19, 2020.
             Slain by a hobgoblin
             ... wielding a +0 club
              (6 damage)
             ... on level 3 of the Dungeon.
             The game lasted 00:00:53 (499 turns).

Maedhros the Charlatan (Octopode Artificer)          Turns: 499, Time: 00:00:54

Health: -1/18      AC:  1    Str: 11    XL:     2   Next: 66%
Magic:  4/4        EV: 13    Int: 13    God:
Gold:   11         SH:  0    Dex: 12    Spells: 1/1 levels left

rFire    . . .     SeeInvis .   a - +0 short sword
rCold    . . .     Gourm    .   (no shield)
rNeg     . . .     Faith    .   (helmet restricted)
rPois    .         Spirit   .   (no amulet)
rElec    .         Reflect  .   (no ring)
rCorr    .         Harm     .   (no ring)
MR       .....                  (no ring)
Stlth    +++.......             (no ring)
HPRegen  0.06/turn              (no ring)
MPRegen  0.09/turn              (no ring)
                                (no ring)
                                (no ring)

@: no status effects
A: almost no armour, stealthy swim, amphibious, 8 rings, constrict 8, camouflage
1, gelatinous body 1
a: no special abilities


You were on level 3 of the Dungeon.
You were not hungry.

You visited 1 branch of the dungeon, and saw 3 of its levels.

You collected 11 gold pieces.

Inventory:

Hand Weapons
 a - a +0 short sword (weapon)
Wands
 b - a wand of flame (15)
 c - a wand of enslavement (15)
 d - a wand of random effects (15)
Scrolls
 e - a scroll of noise {unknown}
 g - a scroll of fear {unknown}
 h - a scroll of enchant weapon {unknown}
Comestibles
 f - 2 rations


   Skills:
 - Level 1.0 Fighting
 - Level 1.0 Short Blades
 - Level 2.0 Dodging
 + Level 2.2 Stealth
 * Level 1.4 Unarmed Combat
 + Level 3.5 Evocations


You had one spell level left.
You didn't know any spells.
Your spell library was empty.

Dungeon Overview and Level Annotations

Branches:
Dungeon (3/15)

Altars:


Innate Abilities, Weirdness & Mutations

You cannot wear most types of armour.
You are very stealthy in the water. (Stealth+)
You are amphibious.
You can wear up to eight rings at the same time.
You can use your tentacles to constrict eight enemies at once.
Your skin changes colour to match your surroundings (Stealth+).
Your rubbery body absorbs attacks. (AC +1, EV +1)


Message History

The jackal barely misses you.
You hit the jackal. Your grab misses the jackal.
The jackal is moderately wounded.
The jackal misses you.
The crimson imp blinks!
You hit the jackal but do no damage. Your grab misses the jackal.
The jackal is lightly wounded.
The jackal bites you but does no damage.
The jackal bites you.
* * * LOW HITPOINT WARNING * * *
You hit the jackal.
You kill the jackal!
You closely miss the jackal. You grab the jackal.
You squeeze the jackal, but do no damage.
You constrict the jackal, but do no damage.
The jackal closely misses you.
The crimson imp blinks!
The jackal bites you but does no damage.
You hit the jackal but do no damage. You squeeze the jackal.
You kill the jackal!
The hobgoblin hits you with a +0 club.
You die...

................
....(%.......#
##..(........#
#.......l([..#
#.#[......<.#####
# ##.........g..#
#.######h....###
#.##########...#
.........@g..#..#
#
##########.....#
#.###5..# #..
#### ###. #. #.
#.


You could see a crimson imp and a hobgoblin.

Vanquished Creatures
  A leopard gecko (D:1)
  2 giant cockroaches (D:1)
  3 goblins
  4 jackals (D:3)
  A kobold (D:2)
  A ball python (D:3)
  2 rats (D:1)
14 creatures vanquished.

Notes
Turn   | Place    | Note
-------+----------+-------------------------------------------
     0 | D:1      | Maedhros the Octopode Artificer began the quest for the
                  | Orb.
     0 | D:1      | Reached XP level 1. HP: 13/13 MP: 3/3
   251 | D:1      | Reached skill level 1 in Unarmed Combat
   251 | D:1      | Reached XP level 2. HP: 16/18 MP: 4/4
   468 | D:3      | Noticed a crimson imp
   499 | D:3      | Slain by a hobgoblin

Levels and vault maps discovered:
D:1:      dpeg_arrival_prison, layout_loops_ring, minivault_4,
          minmay_tetromino_l2
D:2:      layout_loops_cross, first_ration, minmay_statues_item
D:3:      layout_rooms, nicolae_overflow_hidden_temple,
          amethyst_overflow_temple_binary, grunt_gozag_statues

Skill      XL: |  1  2 |
---------------+-------+-----
Unarmed Combat | 1 |  1.4
Stealth        | 2 |  2.2
Fighting       | |  1.0
Short Blades   | |  1.0
Dodging        | |  2.0
Evocations     | |  3.5

Action                   || total
-------------------------++-------
Melee: Short sword       ||    30
       Tentacles         ||     5
       Constrict         ||     7
 Stab: Sleeping          ||     4
Armor: Skin              ||     5
Dodge: Dodged            ||    22

Table legend:
 A = Non-vault XP
 B = Vault XP
 C = Vault XP percentage of total XP
 D = Non-vault monster count
 E = Vault monster count
 F = Vault count percentage of total count
                 A         B        C        D         E       F
            +---------+---------+-------+---------+---------+-------
      Total |      23 |       3 |  11.5 |      12 |       2 |  14.3
            +---------+---------+-------+---------+---------+-------
        D:1 |       8 |       3 |  27.3 |       4 |       2 |  33.3
        D:2 |       4 |       0 |   0.0 |       2 |       0 |   0.0
        D:3 |      11 |       0 |   0.0 |       6 |       0 |   0.0
            +---------+---------+-------+---------+---------+-------
